[Event "Titled Tuesday Blitz July 11 Early 2023"]
[White "Camacho Collados, Marcos"]
[Black "Bogaudinov, Rushan"]
[WhiteFideId "2266237"]
[BlackFideId "4129288"]
[WhiteElo "2485"]
[BlackElo "2340"]
[Result "1-0"]
[Round "6"]
[TimeControl "180+2"]
[Date "2023.07.11"]
[WhiteClock "0:02:07"]
[BlackClock "0:01:43"]
[Board "137"]

1. Nf3 d5 2. g3 e6 3. Bg2 Nf6 4. O-O Be7 5. d3 O-O 6. Nbd2 b6 7. e4 Bb7 8. e5 Nfd7 9. Re1 c5 10. Nf1 Nc6 11. h4 Qc7 12. Bf4 b5 13. h5 b4 14. h6 g6 15. N1h2 a5 16. Ng4 a4 17. a3 bxa3 18. bxa3 Ba6 19. Qd2 Qa5 20. Qc1 Rab8 21. Bg5 Rb7 22. Bxe7 Nxe7 23. Qg5 Qd8 24. Nf6+ Kh8 25. Nxd7 Rxd7 26. Qf6+ 1-0


[Site "https://www.chess.com"]

[Event "Titled Tuesday Blitz July 11 Early 2023"]
[White "Lopez Del Alamo, Antonio"]
[Black "Namitbir Singh Walia"]
[WhiteFideId "2227339"]
[BlackFideId "35071068"]
[WhiteElo "2326"]
[BlackElo "2485"]
[Result "1-0"]
[Round "6"]
[TimeControl "180+2"]
[Date "2023.07.11"]
[WhiteClock "0:00:30"]
[BlackClock "0:00:00"]
[Board "138"]

1. e4 c5 2. Nf3 Nc6 3. b4 cxb4 4. d4 d5 5. exd5 Qxd5 6. c4 bxc3 7. Nxc3 Qa5 8. d5 Qxc3+ 9. Bd2 Qa3 10. Rb1 e6 11. dxc6 bxc6 12. Qc2 Bd7 13. Ne5 Qc5 14. Qxc5 Bxc5 15. Nxd7 Kxd7 16. Rb7+ Ke8 17. Bc4 Ne7 18. O-O Nf5 19. Rfb1 Bb6 20. Bf4 h6 21. a4 Rd8 22. a5 Bc5 23. g4 Nd4 24. Rb8 Rf8 25. Bc7 Rxb8 26. Rxb8+ Ke7 27. Rb7 Kf6 28. Kg2 Rc8 29. f4 Kg6 30. Bd3+ f5 31. Be5 1-0


[Site "https://www.chess.com"]

[Event "Titled Tuesday Blitz July 11 Early 2023"]
[White "Romero Arzuaga, Yudel"]
[Black "Kleiman, Jake"]
[WhiteFideId "3521010"]
[BlackFideId "2020041"]
[WhiteElo "2317"]
[BlackElo "2483"]
[Result "0-1"]
[Round "6"]
[TimeControl "180+2"]
[Date "2023.07.11"]
[WhiteClock "0:01:52"]
[BlackClock "0:01:47"]
[Board "139"]

1. d4 Nf6 2. Nf3 e6 3. Bg5 h6 4. e3 hxg5 5. Nxg5 d5 6. Nd2 c5 7. c3 Nc6 8. f4 Bd6 9. Bd3 Qe7 10. g3 Nd7 11. Qe2 Nb6 12. O-O-O Bd7 13. Ngf3 O-O-O 14. Ne5 Be8 15. h4 f6 16. Nxc6 Bxc6 17. Bc2 Kb8 18. Rde1 e5 19. Qg4 cxd4 20. exd4 e4 21. Nf1 Nc4 22. Bb3 Bb5 23. Bxc4 Bxc4 24. Ne3 Bxa2 25. Kc2 Qd7 26. b3 Qb5 27. Rb1 Bxb1+ 28. Rxb1 Qd3+ 29. Kb2 Qxe3 0-1


[Site "https://www.chess.com"]

[Event "Titled Tuesday Blitz July 11 Early 2023"]
[White "Baches Garcia, Guillermo"]
[Black "Vifleemskaia, Svetlana"]
[WhiteFideId "2209764"]
[BlackFideId "4129490"]
[WhiteElo "2477"]
[BlackElo "2316"]
[Result "1-0"]
[Round "6"]
[TimeControl "180+2"]
[Date "2023.07.11"]
[WhiteClock "0:00:10"]
[BlackClock "0:00:00"]
[Board "140"]

1. e4 e5 2. Nf3 Nc6 3. Nc3 Nf6 4. d4 exd4 5. Nxd4 Bb4 6. Nxc6 bxc6 7. Bd3 d5 8. Bd2 Qe7 9. O-O d4 10. Ne2 Bxd2 11. Qxd2 c5 12. Ng3 O-O 13. Rae1 Be6 14. b3 a5 15. h3 a4 16. f4 axb3 17. axb3 c4 18. bxc4 Qc5 19. e5 Nd7 20. Ne4 Qc6 21. f5 Bxc4 22. Bxc4 Qxc4 23. f6 Nxe5 24. fxg7 Kxg7 25. h4 h6 26. Rf6 d3 27. Qxh6+ Kg8 28. Ng5 Rfe8 29. Qh7+ Kf8 30. Qh8+ Ke7 31. Rxe5+ Kd7 32. Rxe8 Rxe8 33. Qh7 Re7 34. Rxf7 Qc5+ 35. Kh2 dxc2 36. Rxe7+ Qxe7 37. Qxc2 Qe5+ 38. g3 c5 39. Ne4 Kc6 40. Nxc5 1-0


[Site "https://www.chess.com"]

[Event "Titled Tuesday Blitz July 11 Early 2023"]
[White "Szczurek, Krzysztof"]
[Black "Garrido, Denis"]
[WhiteFideId "1185489"]
[BlackFideId "601217"]
[WhiteElo "2476"]
[BlackElo "2308"]
[Result "1-0"]
[Round "6"]
[TimeControl "180+2"]
[Date "2023.07.11"]
[WhiteClock "0:02:08"]
[BlackClock "0:02:16"]
[Board "141"]

1. e4 e5 2. Nf3 Nc6 3. Bc4 Nf6 4. d3 Bc5 5. c3 a5 6. Bb3 d6 7. Nbd2 O-O 8. h3 Be6 9. Nf1 Ba7 10. Ng3 a4 11. Bxa4 Ne7 12. O-O Ng6 13. Bc2 h6 14. Be3 Nh7 15. Qd2 Qf6 16. Nh5 Qe7 17. Bxh6 1-0


[Site "https://www.chess.com"]

[Event "Titled Tuesday Blitz July 11 Early 2023"]
[White "Magallanes, Rey Jomar"]
[Black "Fernandez Lopez, Ruben"]
[WhiteFideId "5205948"]
[BlackFideId "24518298"]
[WhiteElo "2272"]
[BlackElo "2470"]
[Result "1-0"]
[Round "6"]
[TimeControl "180+2"]
[Date "2023.07.11"]
[WhiteClock "0:01:13"]
[BlackClock "0:01:02"]
[Board "142"]

1. e4 d5 2. exd5 Nf6 3. Nf3 Qxd5 4. d4 Qd8 5. c4 g6 6. Nc3 Bg7 7. Be2 O-O 8. O-O c6 9. h3 Nbd7 10. Be3 Nb6 11. Rc1 Be6 12. b3 Bf5 13. Bd3 Bxd3 14. Qxd3 a5 15. Rfd1 a4 16. b4 Nbd7 17. d5 cxd5 18. cxd5 Qb8 19. Bd4 Rc8 20. Ne4 Nxe4 21. Qxe4 Qd6 22. Bxg7 Kxg7 23. Qd4+ Nf6 24. a3 Rxc1 25. Rxc1 Qxd5 26. Rc7 Qxd4 27. Nxd4 e5 28. Nb5 Rd8 29. Rxb7 Rd1+ 30. Kh2 Ne4 31. f3 Nd2 32. Kg3 h5 33. Ra7 Nc4 34. Rxa4 Rd2 35. f4 e4 36. Ra7 Ne3 37. Kh2 Nxg2 38. Kh1 e3 39. Nc3 Rc2 40. Re7 Kf6 41. Re8 Kf5 42. Nd5 e2 43. Re5# 1-0


[Site "https://www.chess.com"]

[Event "Titled Tuesday Blitz July 11 Early 2023"]
[White "Balint, Vilmos"]
[Black "Kopczynski, Michal"]
[WhiteFideId "718050"]
[BlackFideId "1124200"]
[WhiteElo "2272"]
[BlackElo "2468"]
[Result "0-1"]
[Round "6"]
[TimeControl "180+2"]
[Date "2023.07.11"]
[WhiteClock "0:01:57"]
[BlackClock "0:01:55"]
[Board "143"]

1. e4 b6 2. d4 Bb7 3. d5 e6 4. c4 Nf6 5. Bd3 exd5 6. exd5 Bb4+ 7. Nc3 Qe7+ 8. Ne2 c6 9. O-O cxd5 10. Nb5 O-O 11. Nc7 dxc4 12. Bxc4 d5 13. Nxd5 Nxd5 14. Bxd5 Rd8 15. Nf4 g5 16. Bxb7 Rxd1 17. Rxd1 Qxb7 18. Nh5 Nc6 19. Bxg5 Be7 20. Nf6+ Kh8 21. Rd7 Qxd7 22. Nxd7 Bxg5 0-1


[Site "https://www.chess.com"]

[Event "Titled Tuesday Blitz July 11 Early 2023"]
[White "Balla, Tamas-Kristof"]
[Black "Tsyhanchuk, Stanislav"]
[WhiteFideId "1208497"]
[BlackFideId "13505130"]
[WhiteElo "2464"]
[BlackElo "2270"]
[Result "0-1"]
[Round "6"]
[TimeControl "180+2"]
[Date "2023.07.11"]
[WhiteClock "0:00:05"]
[BlackClock "0:00:28"]
[Board "144"]

1. e4 c5 2. Nf3 d6 3. d4 cxd4 4. Qxd4 Nc6 5. Qe3 e5 6. h3 Nf6 7. Be2 Be7 8. O-O d5 9. exd5 Nxd5 10. Qb3 O-O 11. c4 Nf4 12. Bxf4 exf4 13. Nc3 Bf6 14. Nd5 Bf5 15. Nxf4 Nd4 16. Nxd4 Qxd4 17. Nd5 Qxb2 18. Nxf6+ Qxf6 19. Qxb7 Rfe8 20. Qf3 Rac8 21. Rac1 Rc5 22. Rfd1 Rec8 23. Bd3 Be6 24. Qxf6 gxf6 25. Rc3 f5 26. Rdc1 Kg7 27. Ra3 a5 28. g3 Kf6 29. h4 Ke5 30. Be2 f4 31. g4 Bxg4 32. Bxg4 Rg8 33. Kh2 Rxg4 34. Re1+ Kd4 35. Kh3 Rg6 36. Rf3 Rf6 37. Kg4 h5+ 38. Kh3 Rxc4 39. Rd1+ Ke5 40. Ra3 Rc5 41. Re1+ Kf5 42. Rd3 Re6 43. Red1 Re2 44. R1d2 Rxd2 45. Rxd2 Ke4 46. Rb2 Kf3 47. Kh2 Kg4 48. Rb7 f5 49. Kg2 f3+ 50. Kh2 Kxh4 51. Rg7 Rc2 52. Kg1 Rxa2 53. Rg3 Ra3 54. Kf1 Ra1# 0-1


[Site "https://www.chess.com"]

[Event "Titled Tuesday Blitz July 11 Early 2023"]
[White "Kiselev, Pavel"]
[Black "Devaev, Alexander"]
[WhiteFideId "4191102"]
[BlackFideId "4169395"]
[WhiteElo "2249"]
[BlackElo "2453"]
[Result "1-0"]
[Round "6"]
[TimeControl "180+2"]
[Date "2023.07.11"]
[WhiteClock "0:00:37"]
[BlackClock "0:00:00"]
[Board "145"]

1. Nf3 Nf6 2. c4 c5 3. d4 cxd4 4. Nxd4 e6 5. g3 Nc6 6. Nxc6 bxc6 7. Bg2 Be7 8. O-O O-O 9. Nc3 Rb8 10. b3 Qc7 11. Bb2 e5 12. Rc1 d6 13. Qc2 Rd8 14. Rfd1 h6 15. Ne4 Nxe4 16. Qxe4 Bb7 17. c5 f6 18. cxd6 Bxd6 19. Qc4+ Kh8 20. Bxc6 Rbc8 21. Bxb7 Qxb7 22. Qe6 Bf8 23. Rxd8 Rxd8 24. Qc6 Qxc6 25. Rxc6 Rd2 26. Bc3 Rc2 27. Rc8 Kg8 28. Rc7 Rxa2 29. e3 Rc2 30. Bxe5 Rb2 31. Bxb2 1-0


[Site "https://www.chess.com"]

[Event "Titled Tuesday Blitz July 11 Early 2023"]
[White "Mmukka"]
[Black "La Villa Rivas, Marlon Javier"]
[BlackFideId "3519546"]
[WhiteElo "2453"]
[BlackElo "2236"]
[Result "1-0"]
[Round "6"]
[TimeControl "180+2"]
[Date "2023.07.11"]
[WhiteClock "0:00:40"]
[BlackClock "0:01:22"]
[Board "146"]

1. e4 c5 2. Nf3 d6 3. d4 cxd4 4. Nxd4 Nf6 5. Nc3 Nc6 6. f3 e5 7. Nb3 Be6 8. Nd5 Bxd5 9. exd5 Nb8 10. Be3 Be7 11. Qd2 Nbd7 12. c4 O-O 13. Bd3 b6 14. O-O Nh5 15. Qc2 g6 16. Nd2 f5 17. Rae1 Bh4 18. Re2 Nc5 19. b4 Nxd3 20. Qxd3 Rc8 21. a4 Bg5 22. Bxg5 Qxg5 23. Qe3 Nf4 24. Kh1 Qh4 25. g3 Qh3 26. gxf4 exf4 27. Qxf4 Rfe8 28. Rfe1 Rxe2 29. Rxe2 b5 30. axb5 Ra8 31. Qxd6 Qh4 32. Qe6+ Kh8 33. Qe5+ Kg8 34. d6 Rc8 35. c5 1-0


[Site "https://www.chess.com"]

[Event "Titled Tuesday Blitz July 11 Early 2023"]
[White "Kukreja Sankalp"]
[Black "SicilianPanzer"]
[WhiteFideId "45027676"]
[WhiteElo "2452"]
[BlackElo "2226"]
[Result "0-1"]
[Round "6"]
[TimeControl "180+2"]
[Date "2023.07.11"]
[WhiteClock "0:00:05"]
[BlackClock "0:00:06"]
[Board "147"]

1. e4 e6 2. d4 d5 3. Nc3 Bb4 4. Ne2 Nc6 5. a3 Ba5 6. Be3 Nge7 7. b4 Bb6 8. Na4 dxe4 9. c4 a6 10. Nxb6 cxb6 11. Nc3 Nf5 12. d5 Ne5 13. Bd4 Nxd4 14. Qxd4 Qf6 15. Qxe4 O-O 16. Be2 exd5 17. cxd5 Bf5 18. Qe3 Nd3+ 19. Kd2 Rfe8 20. Qg3 Rac8 21. Rac1 Nxc1 22. Rxc1 Qd4+ 23. Ke1 Bd3 24. Qg5 Rxc3 25. Rxc3 Qxc3+ 26. Kf1 Bxe2+ 27. Kg1 Qe1# 0-1


[Site "https://www.chess.com"]

[Event "Titled Tuesday Blitz July 11 Early 2023"]
[White "Nunez V, Gustavo Eduardo"]
[Black "Novikova, Margarita"]
[WhiteFideId "4403690"]
[BlackFideId "14109689"]
[WhiteElo "2446"]
[BlackElo "2193"]
[Result "1-0"]
[Round "6"]
[TimeControl "180+2"]
[Date "2023.07.11"]
[WhiteClock "0:00:04"]
[BlackClock "0:00:27"]
[Board "149"]

1. e4 d5 2. exd5 Qxd5 3. Nc3 Qd6 4. d4 Nf6 5. Nge2 c6 6. Bf4 Qb4 7. Qc1 Bf5 8. a3 Qa5 9. b4 Qd8 10. Qd2 e6 11. Ng3 Bg6 12. h4 Nh5 13. Nxh5 Bxh5 14. Be2 Bxe2 15. Nxe2 Bd6 16. Bxd6 Qxd6 17. O-O Qe7 18. Qf4 Qf6 19. Qxf6 gxf6 20. c4 Nd7 21. Nf4 e5 22. Rfe1 O-O-O 23. Ne2 exd4 24. Nxd4 Ne5 25. Nf5 Nxc4 26. Re7 Rd7 27. Rxd7 Kxd7 28. Rd1+ Kc7 29. a4 Rd8 30. Re1 Rd7 31. Ng3 Nb6 32. a5 Nd5 33. Rb1 Nc3 34. Rb3 Nb5 35. Ne4 f5 36. Nc5 Rd4 37. a6 b6 38. Nd3 Rxh4 39. f4 Rg4 40. Kf2 f6 41. Rb1 Rg7 42. Rh1 Nd6 43. Kf3 Ne4 44. g4 Nd6 45. gxf5 Nxf5 46. Rc1 Nd4+ 47. Ke4 Ne2 48. Rc2 Ng3+ 49. Kf3 Nf5 50. Rc1 h5 51. Ke4 Ng3+ 52. Kf3 h4 53. b5 c5 54. Nb4 Kd6 55. Rd1+ Ke6 56. Nc6 Nf5 57. Re1+ Kd5 58. Rd1+ Kc4 59. Ke4 Ng3+ 60. Kf3 Kxb5 61. Nd8 Kxa6 62. Ne6 Re7 63. Nf8 Nf5 64. Ng6 Rh7 65. Nf8 Rh8 66. Ne6 h3 67. Nc7+ Kb7 68. Nd5 h2 69. Rh1 Nd4+ 70. Kg2 Kc6 71. Nxf6 a5 72. Ng4 Rg8 73. Kg3 Rxg4+ 74. Kxg4 a4 75. Rxh2 b5 76. f5 b4 77. f6 Ne6 78. Re2 Kd7 79. Kf5 Nf8 80. Re7+ Kd8 81. Ra7 a3 82. Ke5 Nd7+ 83. Kd6 Nxf6 84. Ra8# 1-0


[Site "https://www.chess.com"]

[Event "Titled Tuesday Blitz July 11 Early 2023"]
[White "Baruch, Liam"]
[Black "Begunov, Konstantin"]
[WhiteFideId "14322064"]
[BlackFideId "4118510"]
[WhiteElo "2176"]
[BlackElo "2436"]
[Result "0-1"]
[Round "6"]
[TimeControl "180+2"]
[Date "2023.07.11"]
[WhiteClock "0:00:08"]
[BlackClock "0:00:12"]
[Board "150"]

1. e4 c5 2. Nf3 d6 3. d4 cxd4 4. Nxd4 Nf6 5. Nc3 a6 6. Be2 e5 7. Nb3 Be7 8. O-O O-O 9. Be3 Be6 10. Qd3 Nbd7 11. a4 Qc7 12. Nd5 Bxd5 13. exd5 Rac8 14. c3 Nb6 15. Bf3 Nc4 16. Bc1 Rfe8 17. Nd2 Bd8 18. Ne4 Nxe4 19. Bxe4 g6 20. g3 f5 21. Bg2 e4 22. Qd4 Qf7 23. Qd1 Bf6 24. Bf4 Nxb2 25. Qb3 Nc4 26. Rab1 Re7 27. Qb4 Rd7 28. Rfd1 g5 29. Be3 Nxe3 30. fxe3 Rxc3 31. Rf1 Qg6 32. g4 fxg4 33. Bxe4 Qh6 34. Bf5 Be5 35. Rf2 Rf7 36. Rbf1 Kg7 37. Qxg4 Rxe3 38. Rg2 Kh8 39. Qxg5 Qxg5 40. Rxg5 Bd4 41. Kh1 Re5 42. Bh3 Rxf1+ 43. Bxf1 Rxg5 44. Bd3 Rg1# 0-1


[Site "https://www.chess.com"]

[Event "Titled Tuesday Blitz July 11 Early 2023"]
[White "Khromkin, Andrey"]
[Black "Sailer, Mike"]
[WhiteFideId "4154126"]
[BlackFideId "2012901"]
[WhiteElo "2435"]
[BlackElo "2148"]
[Result "0-1"]
[Round "6"]
[TimeControl "180+2"]
[Date "2023.07.11"]
[WhiteClock "0:00:00"]
[BlackClock "0:00:05"]
[Board "151"]

1. d4 d5 2. c4 c6 3. Nc3 Nf6 4. Nf3 a6 5. cxd5 cxd5 6. Bf4 Nc6 7. Ne5 g6 8. Nxc6 bxc6 9. e3 Bg7 10. Be5 O-O 11. Bd3 Bf5 12. Bxf5 gxf5 13. Rc1 c5 14. dxc5 Qa5 15. O-O Qxc5 16. Bxf6 Bxf6 17. Nxd5 Qd6 18. Qf3 Bxb2 19. Rc6 Qd7 20. Qxf5 Qxf5 21. Nxe7+ Kh8 22. Nxf5 Rfc8 23. Rxc8+ Rxc8 24. Rb1 Rc2 25. g4 Kg8 26. a4 f6 27. Kg2 Kf7 28. h4 Ke6 29. Kf3 Ke5 30. Nd4 Bxd4 31. exd4+ Kxd4 32. Rb6 Ke5 33. Rxa6 Rc3+ 34. Kg2 Kf4 35. Rxf6+ Kxg4 36. a5 h5 37. Rg6+ Kxh4 38. Rg3 Rc6 39. Ra3 Rg6+ 40. Kf3 Ra6 41. Ke4 Kg4 42. f4 h4 43. f5 h3 0-1


[Site "https://www.chess.com"]

[Event "Titled Tuesday Blitz July 11 Early 2023"]
[White "Roque Sola, Gisela"]
[Black "Kashefi, Amir Hosein"]
[WhiteFideId "5120241"]
[BlackFideId "12557935"]
[WhiteElo "2143"]
[BlackElo "2423"]
[Result "1-0"]
[Round "6"]
[TimeControl "180+2"]
[Date "2023.07.11"]
[WhiteClock "0:00:27"]
[BlackClock "0:00:06"]
[Board "152"]

1. e4 c6 2. d4 d5 3. Nc3 dxe4 4. Nxe4 Nd7 5. Nf3 Ngf6 6. Nxf6+ Nxf6 7. Bd3 Bg4 8. c3 Qd5 9. Be2 e6 10. h3 Bh5 11. Bf4 Bd6 12. Bxd6 Qxd6 13. Ne5 Bg6 14. O-O Rd8 15. Qb3 Qc7 16. Bf3 O-O 17. Rfe1 a6 18. a4 Ne8 19. a5 Nd6 20. Nc4 Bc2 21. Qb4 Nf5 22. Be4 Bxe4 23. Rxe4 Rd5 24. Re5 Rfd8 25. Rae1 Rb5 26. Rxb5 axb5 27. Nb6 h6 28. Re5 Nd6 29. b3 Nf5 30. Qc5 Ne7 31. c4 bxc4 32. bxc4 Nf5 33. Re4 Nd6 34. Re1 Nf5 35. d5 exd5 36. cxd5 Qf4 37. dxc6 bxc6 38. a6 Nd4 39. a7 Ne2+ 40. Kh1 Qe4 41. a8=Q Rxa8 42. Nxa8 Ng3+ 43. fxg3 Qxe1+ 44. Kh2 Qe4 45. Nb6 Qe6 46. Nc4 Qd5 47. Qxd5 cxd5 48. Ne3 d4 49. Nc2 d3 50. Ne3 g5 51. Kg1 f5 52. Kf2 d2 53. Ke2 f4 54. gxf4 gxf4 55. Nd5 f3+ 56. gxf3 Kf7 57. Kxd2 Ke6 58. Nc3 Kf5 59. Ke3 Kg5 60. Ne2 Kh4 61. Nf4 Kg3 62. Ke4 Kf2 63. Ng6 Kg3 64. f4 Kxh3 65. f5 Kg4 66. f6 Kg5 67. f7 Kg4 68. f8=Q Kh5 69. Qf5# 1-0


[Site "https://www.chess.com"]

[Event "Titled Tuesday Blitz July 11 Early 2023"]
[White "cycygogne"]
[Black "arenal72"]
[WhiteElo "2121"]
[BlackElo "2423"]
[Result "0-1"]
[Round "6"]
[TimeControl "180+2"]
[Date "2023.07.11"]
[WhiteClock "0:00:16"]
[BlackClock "0:00:10"]
[Board "153"]

1. e4 Nc6 2. Nf3 d6 3. d4 g6 4. Nc3 Bg7 5. Be3 Nf6 6. h3 a6 7. Qd2 b5 8. a3 Bb7 9. Be2 e5 10. dxe5 dxe5 11. O-O-O O-O 12. Bg5 Qc8 13. Bxf6 Bxf6 14. Nd5 Bg7 15. Kb1 Rd8 16. Qg5 h6 17. Qh4 Rd6 18. Rd3 Qd8 19. Rhd1 Qxh4 20. Nxh4 Rc8 21. Bg4 Rcd8 22. Nxc7 Rxd3 23. cxd3 h5 24. Be2 Nd4 25. Bf1 Bh6 26. Nf3 Nxf3 27. gxf3 Rc8 28. Nd5 Bxd5 29. exd5 Rd8 30. Re1 Rxd5 31. Kc2 f6 32. Re4 Kf7 33. a4 Bf8 34. axb5 axb5 35. b4 f5 36. Re1 Bxb4 37. Rb1 Bd6 38. d4 Rxd4 39. Rxb5 Rf4 40. Be2 e4 41. Rb3 Bc5 42. fxe4 Rxf2 43. Kd1 fxe4 44. Rb7+ Kf6 45. Rc7 Bd4 46. Rc6+ Kg5 47. Rd6 Be5 48. Rd5 Kf4 49. Ra5 Rg2 50. Ra8 Ke3 51. Rf8 Rxe2 0-1


[Site "https://www.chess.com"]

[Event "Titled Tuesday Blitz July 11 Early 2023"]
[White "Matveeva, Olga"]
[Black "Gyulamiryan-koryun"]
[WhiteFideId "24107018"]
[WhiteElo "2422"]
[BlackElo "1824"]
[Result "1-0"]
[Round "6"]
[TimeControl "180+2"]
[Date "2023.07.11"]
[WhiteClock "0:00:43"]
[BlackClock "0:00:00"]
[Board "154"]

1. d4 Nf6 2. c4 c5 3. d5 b5 4. cxb5 a6 5. bxa6 Bxa6 6. Nc3 g6 7. Nf3 Bg7 8. g3 O-O 9. Bg2 d6 10. O-O Nbd7 11. Rb1 Qa5 12. Bd2 Rfb8 13. Qc2 Bc4 14. b3 Ba6 15. a4 Qc7 16. h3 Bb7 17. Ne1 Nb6 18. Nb5 Qd7 19. e4 e6 20. dxe6 fxe6 21. e5 dxe5 22. Be3 Bxg2 23. Nxg2 Nbd5 24. Bxc5 Rc8 25. b4 e4 26. Rfd1 Qc6 27. Qb3 Nd7 28. Bd4 e5 29. Be3 Nf6 30. Bc5 Rd8 31. Ne3 Kh8 32. Nxd5 Rxd5 33. Rxd5 Qxd5 34. Qxd5 Nxd5 35. a5 Bh6 36. Nd6 Kg7 37. Nxe4 Ra6 38. Ra1 Kf7 39. b5 Ra8 40. a6 Bf8 41. Bxf8 Kxf8 42. Kg2 Nb6 43. Rc1 Nd5 44. Rc5 Ne7 45. Rxe5 Ke8 46. Nf6+ Kd8 47. Nxh7 Nf5 48. g4 Nd6 49. Nf6 Kc7 50. Nd5+ Kd7 51. Re7+ Kd8 52. Rg7 Nxb5 53. Rg8+ Kd7 54. Rxa8 Kd6 55. Nf4 Kc7 56. Nxg6 Kb6 57. h4 Nc7 58. Rc8 Nxa6 59. h5 Kb7 60. Rc1 Nb4 61. Rb1 1-0


[Site "https://www.chess.com"]

[Event "Titled Tuesday Blitz July 11 Early 2023"]
[White "Ionescu, Mihai"]
[Black "Wisdom, Daren"]
[WhiteFideId "1202499"]
[BlackFideId "7400438"]
[WhiteElo "2555"]
[BlackElo "2099"]
[Result "1-0"]
[Round "6"]
[TimeControl "180+2"]
[Date "2023.07.11"]
[WhiteClock "0:00:09"]
[BlackClock "0:00:55"]
[Board "155"]

1. Nf3 Nf6 2. c4 c6 3. g3 e6 4. Bg2 Be7 5. d4 O-O 6. O-O d5 7. Qc2 Na6 8. a3 h6 9. Rd1 dxc4 10. Qxc4 c5 11. Bf4 Bd7 12. dxc5 Nxc5 13. b4 Na4 14. Ne5 Nb6 15. Qb3 a5 16. Bxb7 axb4 17. Bxa8 Qxa8 18. Nxd7 Nbxd7 19. a4 Nd5 20. Bd2 Bf6 21. Ra2 Rc8 22. Rc2 Nc5 23. Rxc5 Rxc5 24. e4 Nc3 25. Qxb4 Nxa4 26. Be3 Rc2 27. Nd2 Nc3 28. Re1 Qd8 29. Nf3 e5 30. Ra1 Qc8 31. Bd2 Ne2+ 32. Kg2 Nd4 33. Be3 Rc4 34. Qb2 Nc2 35. Nd2 Nxe3+ 36. fxe3 Rc2 37. Qb4 Qd7 38. Re1 Qd6 39. Qxd6 Bg5 40. Re2 Rc3 41. Kf3 Bf6 42. Qb8+ Kh7 43. Qb2 Rc7 44. Nf1 Kg6 45. Kg2 h5 46. h4 Re7 47. Rf2 Rd7 48. Qc2 Re7 49. Qc8 Ra7 50. Qf5+ Kh6 51. g4 hxg4 52. Qxg4 Bd8 53. Ng3 g6 54. h5 Kg7 55. hxg6 fxg6 56. Nf5+ Kh7 57. Qh3+ Kg8 58. Nh6+ Kg7 59. Rf7+ Rxf7 60. Nxf7 Kxf7 61. Qd7+ Be7 62. Kh3 Kf6 63. Kg4 Bf8 64. Qe8 Bd6 65. Qc6 Ke6 66. Kg5 Ke7 67. Kxg6 Ba3 68. Kf5 Kf7 69. Qf6+ Ke8 70. Ke6 1-0


[Site "https://www.chess.com"]

[Event "Titled Tuesday Blitz July 11 Early 2023"]
[White "Szente Varga, Fruzsina"]
[Black "Vovk, Orest"]
[WhiteFideId "712264"]
[BlackFideId "14113490"]
[WhiteElo "2314"]
[BlackElo "2538"]
[Result "1-0"]
[Round "6"]
[TimeControl "180+2"]
[Date "2023.07.11"]
[WhiteClock "0:00:12"]
[BlackClock "0:00:00"]
[Board "156"]

1. e4 g5 2. d4 g4 3. Qxg4 d5 4. Qf3 dxe4 5. Qxe4 Nf6 6. Qd3 Nc6 7. c3 Qd5 8. Nf3 Bg4 9. Be2 O-O-O 10. Bf4 e5 11. Nxe5 Nxe5 12. Bxe5 Qxg2 13. Rf1 Bxe2 14. Qxe2 Bg7 15. f4 Qd5 16. Nd2 Rhe8 17. O-O-O Qxa2 18. Qc4 Qxc4 19. Nxc4 Nh5 20. Bxg7 Nxg7 21. f5 Nh5 22. Ne5 f6 23. Nc4 Re2 24. Rd2 Rde8 25. Rf2 Rxf2 26. Rxf2 Re1+ 27. Kd2 Kd7 28. Ne3 Rh1 29. Nd5 c6 30. Nb4 a5 31. Nd3 b6 32. Kc2 a4 33. Nb4 Kd6 34. Kd3 c5 35. Nc2 Rb1 36. Ne3 b5 37. dxc5+ Kxc5 38. Ng4 Rd1+ 39. Kc2 Rg1 40. Ne3 b4 41. cxb4+ Kd4 42. Nd1 Rg8 43. b5 Rc8+ 44. Nc3 Kc4 45. Re2 Nf4 46. Re4+ 1-0


[Site "https://www.chess.com"]

[Event "Titled Tuesday Blitz July 11 Early 2023"]
[White "Herman, Daniel"]
[Black "Mikhaylova, Irina"]
[WhiteFideId "30935008"]
[BlackFideId "4109040"]
[WhiteElo "2426"]
[BlackElo "2284"]
[Result "1-0"]
[Round "6"]
[TimeControl "180+2"]
[Date "2023.07.11"]
[WhiteClock "0:00:09"]
[BlackClock "0:00:17"]
[Board "157"]

1. e4 c5 2. Nf3 Nc6 3. d4 cxd4 4. Nxd4 e5 5. Nb5 d6 6. c4 Be7 7. N1c3 a6 8. Na3 Be6 9. Be3 Bg5 10. Nc2 Bxe3 11. Nxe3 Nf6 12. Be2 O-O 13. O-O Nd4 14. Rc1 Rc8 15. b3 Qa5 16. a4 Qb4 17. f4 Qxb3 18. f5 Qxd1 19. Rfxd1 Nxe4 20. Nxe4 Nxe2+ 21. Kf2 Nxc1 22. fxe6 fxe6+ 23. Ke1 Nb3 24. Nxd6 Rc6 25. Nxb7 Nc5 26. Nxc5 Rxc5 27. Rd6 Ra5 28. Rxe6 Rxa4 29. Rxe5 Ra2 30. c5 Rc8 31. h4 Kf7 32. g4 Ra4 33. Ke2 Rd4 34. Kf3 Rc6 35. Nf5 Rd1 36. Re7+ Kf8 37. Rxg7 Rf1+ 38. Ke4 Re1+ 39. Kd5 Rf6 40. Rxh7 Kg8 41. Rg7+ Kf8 42. Ra7 Rd1+ 43. Ke5 Rf7 44. Ra8+ 1-0


[Site "https://www.chess.com"]

[Event "Titled Tuesday Blitz July 11 Early 2023"]
[White "Sarkar, Justin"]
[Black "Omariev, Maksim"]
[WhiteFideId "2010011"]
[BlackFideId "4193423"]
[WhiteElo "2249"]
[BlackElo "2411"]
[Result "1-0"]
[Round "6"]
[TimeControl "180+2"]
[Date "2023.07.11"]
[WhiteClock "0:00:05"]
[BlackClock "0:00:01"]
[Board "158"]

1. e4 c5 2. Nf3 d6 3. d4 cxd4 4. Nxd4 Nf6 5. Nc3 a6 6. Qf3 Nbd7 7. Be3 g6 8. h3 Bg7 9. O-O-O O-O 10. Kb1 Ne5 11. Qe2 b5 12. f4 Nc4 13. Bc1 Bb7 14. g4 Rc8 15. Bg2 Nd7 16. h4 Na3+ 17. bxa3 Rxc3 18. Bb2 Rc4 19. h5 Nc5 20. hxg6 fxg6 21. e5 d5 22. f5 Na4 23. Ne6 Qa5 24. fxg6 Nxb2 25. Rxh7 Rf7 26. gxf7+ Kxf7 27. Rxg7+ Kxe6 28. g5 Qxa3 29. Rd3 Rc3 30. Bh3# 1-0


[Site "https://www.chess.com"]

[Event "Titled Tuesday Blitz July 11 Early 2023"]
[White "Fule, Simon"]
[Black "Peiris, T G M"]
[WhiteFideId "787515"]
[BlackFideId "9901310"]
[WhiteElo "2399"]
[BlackElo "2223"]
[Result "1-0"]
[Round "6"]
[TimeControl "180+2"]
[Date "2023.07.11"]
[WhiteClock "0:00:33"]
[BlackClock "0:00:18"]
[Board "159"]

1. e4 c5 2. Nf3 d6 3. d4 cxd4 4. Nxd4 a6 5. c4 e5 6. Nb3 Be6 7. Nc3 Nf6 8. Be2 Be7 9. Be3 O-O 10. O-O Nc6 11. Rc1 Rc8 12. f3 Ne8 13. Nd5 Bg5 14. Bb6 Qd7 15. Bf2 Qd8 16. Rc3 f5 17. exf5 Bxf5 18. Bd3 Be6 19. Bb1 g6 20. Nd2 Bxd5 21. cxd5 Ne7 22. Ne4 Rxc3 23. bxc3 Bf4 24. Qb3 b5 25. a4 Qa8 26. axb5 axb5 27. Qxb5 Kg7 28. c4 Qa3 29. Qd7 Kg8 30. Qxe7 Ng7 31. Nf6+ 1-0


[Site "https://www.chess.com"]

[Event "Titled Tuesday Blitz July 11 Early 2023"]
[White "Horokoskii"]
[Black "Ncatt"]
[WhiteElo "2138"]
[BlackElo "2374"]
[Result "0-1"]
[Round "6"]
[TimeControl "180+2"]
[Date "2023.07.11"]
[WhiteClock "0:02:04"]
[BlackClock "0:02:28"]
[Board "161"]

1. d4 Nf6 2. c4 e6 3. g3 c5 4. Nf3 cxd4 5. Nxd4 Nc6 6. Bg2 Bc5 7. Be3 Qb6 8. Bxc6 bxc6 9. Qd2 Ba6 10. Na3 Bb4 0-1


[Site "https://www.chess.com"]